 Dungeon Crawl Stone Soup version 0.31-a0-986-g5e6e4ef867 (webtiles) character file.

Game seed: 5073044534279739083

242 Squish the Poker (level 6, -2/47 HPs)
             Began as a Gnoll Wanderer on Nov 22, 2023.
             Slain by a lemure (7 damage)
             ... led by Pikel
             ... on level 4 of the Dungeon.
             The game lasted 00:12:43 (2338 turns).

Squish the Poker (Gnoll Wanderer)                   Turns: 2338, Time: 00:12:43

Health: -2/47      AC:  5    Str: 11    XL:     6   Next: 9%
Magic:  8/8        EV: 11    Int:  9    God:
Gold:   314        SH:  5    Dex: 16    Spells: 4/8 levels left

rFire   . . .        h - +1 short sword (elec)
rCold   . . .        c - +0 buckler
rNeg    . . .        e - +0 leather armour
rPois   .            m - +1 hat
rElec   .            (no cloak)
rCorr   .            p - +0 pair of gloves
SInv    .            (no boots)
Will    .....        r - amulet of magic regeneration
Stlth   ++           (no ring)
HPRegen 0.27/turn    (no ring)
MPRegen 0.51/turn

%: no passive effects
@: no status effects
A: fangs 1, strong nose, distributed training
a: no special abilities


You were on level 4 of the Dungeon.
You visited 1 branch of the dungeon, and saw 4 of its levels.

You collected 1046 gold pieces.
You spent 732 gold pieces at shops.

Inventory:

Hand Weapons
 a - a +2 spear
 b - a +3 dagger of holy wrath
 g - a +4 short sword
 h - a +1 short sword of electrocution (weapon)
Armour
 c - a +0 buckler (worn)
 e - a +0 leather armour (worn)
 m - a +1 hat (worn)
 p - a +0 pair of gloves (worn)
Jewellery
 r - an amulet of magic regeneration (around neck)
Talismans
 j - a talisman of death
Scrolls
 d - 3 scrolls of fear
 f - 2 scrolls of fog
 i - 3 scrolls of teleportation
 l - a scroll of blinking
 n - 3 scrolls of revelation
 o - 2 scrolls of silence {unknown}
 q - a scroll of amnesia
 s - a scroll of vulnerability {unknown}
 t - 3 scrolls of torment {unknown}
 w - 2 scrolls of immolation
 x - 2 scrolls of enchant armour
Potions
 k - a potion of magic
 u - a potion of curing {unknown}


   Skills:
 + Level 3.1 Fighting
 + Level 6.8 Short Blades
 + Level 1.8 Long Blades
 + Level 1.8 Axes
 + Level 1.8 Maces & Flails
 + Level 6.8 Polearms
 + Level 1.8 Staves
 + Level 1.8 Ranged Weapons
 + Level 1.8 Throwing
 + Level 1.8 Armour
 + Level 1.8 Dodging
 + Level 1.8 Stealth
 + Level 4.9 Shields
 + Level 1.8 Unarmed Combat
 + Level 1.8 Spellcasting
 + Level 1.4 Conjurations
 + Level 1.4 Hexes
 + Level 1.4 Summonings
 + Level 1.4 Necromancy
 + Level 1.4 Translocations
 + Level 1.4 Transmutations
 + Level 1.4 Fire Magic
 + Level 1.4 Ice Magic
 + Level 1.4 Air Magic
 + Level 1.4 Earth Magic
 + Level 1.4 Poison Magic
 + Level 3.3 Invocations
 + Level 1.8 Evocations
 + Level 1.6 Shapeshifting


You had 4 spell levels left.
You knew the following spells:

 Your Spells              Type           Power      Damage    Failure   Level
a - Momentum Strike       Conj/Tloc      6%         3d8       45%         2
b - Blink                 Tloc           6%         N/A       45%         2

Your spell library contained the following spells:

 Spells                   Type           Power      Damage    Failure   Level
 Ensorcelled Hibernation  Hex/Ice        6%         N/A       45%         2
 Lesser Beckoning         Tloc           6%         N/A       45%         2
 Passwall                 Tmut/Erth      2%         N/A       45%         2
 Frozen Ramparts          Ice            6%         1d1       71%         3
 Swiftness                Air            3%         N/A       71%         3
 Petrify                  Tmut/Erth      3%         N/A       98%         4
 Metabolic Englaciation   Hex/Ice        1%         N/A       100%        5


Dungeon Overview and Level Annotations

Branches:
Dungeon (4/15)
 Temple: D:4-7

Altars:
Dithmenos
Xom

Annotations:
D:3 Pokonic1's ghost, amateur DsFE
D:4 Pikel


Innate Abilities, Weirdness & Mutations

You have very sharp teeth.
Your uncanny sense of smell can sniff out nearby items.
Your experience applies equally to all skills.


Message History

The lemure hits you but does no damage.
A lemure comes into view.
You barely miss the lemure.
The lemure is severely wounded.
The lemure hits you!
You closely miss the lemure.
The lemure is severely wounded.
The lemure barely misses you.
You hit the lemure but do no damage.
The lemure is severely wounded.
You barely miss the lemure.
The lemure is severely wounded.
You block the lemure's attack.
You hit the lemure. Lightning courses through the lemure!
You kill the lemure!
That felt strangely unrewarding.
The lemure hits you.
You hit the lemure.
The lemure is lightly wounded.
You block the lemure's attack.
You barely miss the lemure.
The lemure is lightly wounded.
The lemure closely misses you.
You closely miss the lemure.
The lemure is lightly wounded.
You block the lemure's attack.
You closely miss Pikel. The lemure hits you.
You closely miss Pikel. You hit Pikel but do no damage. The lemure misses you.
Pikel hits you with a +1 whip of freezing!
* * * LOW HITPOINT WARNING * * *
Pikel freezes you.
* * * LOW HITPOINT WARNING * * *
Unknown command.
Pikel attacks as he pursues you! Pikel barely misses you.
The lemure attacks as it pursues you! The lemure hits you but does no damage.
There is an open door here.
Okay, then.
Pikel says, "You'll make a fine lemure."
The lemure attacks as it pursues you! The lemure hits you!
You die...

#.......#.....##'
#.......#........
#.......#........
#.......#........
#.......+........
#####.......#########
#............. ......
#....................
#...@#######.........
#...5#.....#....<....
#....'.....+ ......
#....#K....# ......
######5....# ∆ ......
#...†......# ......
#...##~~~~.# ####..
#...##~≈≈~~~# #..
#.l.##~≈≈≈≈~~~ #..


You could see Pikel and 2 lemures.

Vanquished Creatures
  A lemure (D:4)
  A phantom (D:3)
  An iguana (D:4)
  An orc wizard (D:2)
  3 adders
  3 dart slugs
  10 orcs
  3 bats
  6 endoplasms
  5 giant cockroaches
  7 goblins
  3 hobgoblins
  3 jackals (D:3)
  9 kobolds
  2 quokkas (D:1)
  7 ball pythons
  5 frilled lizards
  5 rats
75 creatures vanquished.

Notes
Turn   | Place    | Note
-------+----------+-------------------------------------------
     0 | D:1      | Squish the Gnoll Wanderer began the quest for the Orb.
     0 | D:1      | Squish set off with the following items: a +2 spear, a +0
                  | short sword, a +0 buckler, a scroll of fear, a +0 leather
                  | armour.
     0 | D:1      | Reached XP level 1. HP: 17/17 MP: 2/2
    60 | D:1      | Reached XP level 2. HP: 22/23 MP: 3/3
   189 | D:1      | Reached XP level 3. HP: 26/28 MP: 4/4
   744 | D:2      | Reached skill level 1 in Long Blades
   744 | D:2      | Reached skill level 1 in Axes
   744 | D:2      | Reached skill level 1 in Maces & Flails
   744 | D:2      | Reached skill level 1 in Staves
   744 | D:2      | Reached skill level 1 in Ranged Weapons
   744 | D:2      | Reached skill level 1 in Throwing
   744 | D:2      | Reached skill level 1 in Armour
   744 | D:2      | Reached skill level 1 in Dodging
   744 | D:2      | Reached skill level 1 in Stealth
   744 | D:2      | Reached skill level 1 in Unarmed Combat
   744 | D:2      | Reached skill level 1 in Spellcasting
   744 | D:2      | Reached skill level 1 in Evocations
   744 | D:2      | Reached skill level 1 in Shapeshifting
   744 | D:2      | Reached XP level 4. HP: 24/34 MP: 4/6
   891 | D:2      | Reached skill level 1 in Conjurations
   891 | D:2      | Reached skill level 1 in Hexes
   891 | D:2      | Reached skill level 1 in Summonings
   891 | D:2      | Reached skill level 1 in Necromancy
   891 | D:2      | Reached skill level 1 in Translocations
   891 | D:2      | Reached skill level 1 in Transmutations
   891 | D:2      | Reached skill level 1 in Fire Magic
   891 | D:2      | Reached skill level 1 in Ice Magic
   891 | D:2      | Reached skill level 1 in Air Magic
   891 | D:2      | Reached skill level 1 in Earth Magic
   891 | D:2      | Reached skill level 1 in Poison Magic
  1033 | D:2      | Found Ycusis's Magic Scroll Boutique.
  1036 | D:2      | Bought a scroll of identify for 26 gold pieces
  1130 | D:3      | Found a transporter.
  1133 | D:3      | Noticed Pokonic1's ghost (amateur DsFE)
  1321 | D:3      | Reached XP level 5. HP: 40/40 MP: 7/7
  1324 | D:3      | Found a shadowy altar of Dithmenos.
  1326 | D:3      | Found a transporter.
  1376 | D:3      | Found a faded altar of an unknown god.
  1559 | D:3      | Found a shimmering altar of Xom.
  1796 | D:3      | Noticed a phantom
  1809 | D:3      | Killed a phantom
  1849 | D:4      | Learned a level 2 spell: Momentum Strike
  1852 | D:4      | Learned a level 2 spell: Blink
  2051 | D:4      | Identified a scroll of acquirement
  2053 | D:4      | Acquired 953 gold pieces
  2134 | D:2      | Bought a scroll of blinking for 97 gold pieces
  2134 | D:2      | Bought a scroll of identify for 26 gold pieces
  2134 | D:2      | Bought a scroll of enchant weapon for 97 gold pieces
  2134 | D:2      | Bought a scroll of immolation for 52 gold pieces
  2134 | D:2      | Bought a scroll of enchant armour for 97 gold pieces
  2134 | D:2      | Bought a scroll of enchant armour for 97 gold pieces
  2134 | D:2      | Bought a scroll of teleportation for 39 gold pieces
  2134 | D:2      | Bought a scroll of revelation for 97 gold pieces
  2134 | D:2      | Bought a scroll of fear for 52 gold pieces
  2134 | D:2      | Bought a scroll of immolation for 52 gold pieces
  2303 | D:4      | Noticed a lemure
  2303 | D:4      | Noticed a lemure
  2304 | D:4      | Noticed Pikel
  2304 | D:4      | Noticed a lemure
  2317 | D:4      | Reached XP level 6. HP: 40/47 MP: 8/8
  2338 | D:4      | Slain by a lemure

Illustrated notes

Levels and vault maps discovered:
D:1:      heliophobic_arrival_henge, layout_basic, minivault_5, st_stairs_6
D:2:      layout_rooms, serial_shops, nicolae_shop_tiny_real_fake_doors
D:3:      layout_basic, mainiacjoe_overflow_large_starburst,
          basic_ecumenical_altar, gammafunk_ghost_mausoleum
D:4:      wander_river, layout_gridville, mainiacjoe_overflow_catwalk,
          lemuel_zombie_altar_kikubaaqudgha, uniq_pikel, uniq_crazy_yiuf_cottage

Skill      XL: |  1  2  3  4  5 |
---------------+----------------+-----
Long Blades    | 1 |  1.8
Axes           | 1 |  1.8
Maces & Flails | 1 |  1.8
Staves         | 1 |  1.8
Ranged Weapons | 1 |  1.8
Throwing       | 1 |  1.8
Armour         | 1 |  1.8
Dodging        | 1 |  1.8
Stealth        | 1 |  1.8
Unarmed Combat | 1 |  1.8
Spellcasting   | 1 |  1.8
Evocations     | 1 |  1.8
Shapeshifting  | 1 |  1.6
Conjurations   | 1 |  1.4
Hexes          | 1 |  1.4
Summonings     | 1 |  1.4
Necromancy     | 1 |  1.4
Translocations | 1 |  1.4
Transmutations | 1 |  1.4
Fire Magic     | 1 |  1.4
Ice Magic      | 1 |  1.4
Air Magic      | 1 |  1.4
Earth Magic    | 1 |  1.4
Poison Magic   | 1 |  1.4
Invocations    | 3 |  3.3
Fighting       | 3 |  3.1
Short Blades   | |  6.8
Polearms       | |  6.8
Shields        | |  4.9

Action                     |  1- 3 |  4- 6 || total
---------------------------+-------+-------++-------
  Melee: Spear             |    81 |    67 ||   148
         Bite              |     5 |    10 ||    15
         Short sword       |       |    88 ||    88
    Use: Scroll            |       |     8 ||     8
   Stab: Sleeping          |     2 |     5 ||     7
         Distracted        |     1 |       ||     1
 Armour: Leather armour    |    23 |    51 ||    74
  Dodge: Dodged            |    18 |    46 ||    64
  Block: Buckler           |    13 |    26 ||    39

Table legend: (Time is in decaauts)
 A = Elapsed time spent in this place.
 B = Non-inter-level travel time spent in this place.
 C = Inter-level travel time spent in this place.
 D = Time resting spent in this place.
 E = Time spent auto-exploring this place.
 F = Levels seen in this place.
 G = Mean time per level.
                   A        B        C        D        E       F      G
               +--------+--------+--------+--------+--------+-----+--------+
         Total |   2287 |   2044 |    243 |      0 |   1492 |   4 |  571.8 |
       Dungeon |   2287 |   2044 |    243 |      0 |   1492 |   4 |  571.8 |
               +--------+--------+--------+--------+--------+-----+--------+

Top non-repeatable levels by time:
     D:3: 741 daAuts
     D:1: 692 daAuts
     D:2: 431 daAuts
     D:4: 422 daAuts
